 Dungeon Crawl Stone Soup version 0.30.1 (webtiles) character file.

Game seed: 4753348499081067422

1636 Graphine the Sneak (level 9, -1/79 HPs)
             Began as a Kobold Brigand on July 8, 2023.
             Was an Initiate of Ashenzari.
             Slain by a troll (5 damage)
             ... on level 6 of the Dungeon.
             The game lasted 00:16:33 (4916 turns).

Graphine the Sneak (Kobold Brigand)                 Turns: 4916, Time: 00:16:38

Health: -1/79      AC:  4    Str:  9    XL:     9   Next: 18%
Magic:  14/14      EV: 17    Int: 12    God:    Ashenzari [......]
Gold:   365        SH:  0    Dex: 20    Spells: 15/15 levels left

rFire   . . .        k - +2 club (spect)
rCold   . . .        (no shield)
rNeg    . . .        b - +0 robe
rPois   .            (no helmet)
rElec   .            c - +0 cloak
rCorr   .            i - +0 pair of gloves
SInv    .            (no boots)
Will    .....        o - amulet of regeneration Stlth
                     (no ring)
HPRegen 1.13/turn    (no ring)
MPRegen 0.14/turn

%: no passive effects
@: berserking, studying Hexes, very quick
A: small, no large weapons, nightstalker 3
a: Renounce Religion, Curse Item


You were on level 6 of the Dungeon.
You worshipped Ashenzari.
Ashenzari was noncommittal.
You visited 1 branch of the dungeon, and saw 6 of its levels.
You also visited: Sewer and Ossuary.

You collected 365 gold pieces.

Inventory:

Hand Weapons
 a - a +2 dagger
 k - a +2 spectral club (weapon)
Missiles
 d - 4 poisoned darts (quivered)
 e - 2 curare-tipped darts
 u - a throwing net
 w - 7 stones
 E - a boomerang
Armour
 b - a +0 robe (worn)
 c - a +0 cloak (worn)
 i - a +0 pair of gloves (worn)
Jewellery
 o - an amulet of regeneration (around neck)
 v - a +6 ring of strength
Wands
 t - a wand of mindburst (6)
 G - a wand of flame (22)
Scrolls
 h - a scroll of fog
 j - 6 scrolls of teleportation
 m - 3 scrolls of enchant armour
 B - a scroll of summoning
 C - 4 scrolls of noise
 D - a scroll of magic mapping
 F - a scroll of blinking
Potions
 f - 2 potions of attraction
 g - a potion of lignification
 l - 2 potions of curing {unknown}
 n - a potion of berserk rage
 p - a potion of ambrosia
 q - 3 potions of flight
 r - 3 potions of haste
 x - a potion of might
 z - a potion of cancellation {unknown}
 A - 3 potions of resistance


   Skills:
 + Level 4.9 Fighting
 - Level 5.0 Short Blades
 * Level 6.6 Throwing
 + Level 3.0 Armour
 + Level 4.6 Dodging
 + Level 7.6 Stealth
 + Level 3.6 Spellcasting
 * Level 0.8 Hexes


You had 15 spell levels left.
You didn't know any spells.
Your spell library contained the following spells:

 Spells                   Type           Power      Damage    Failure   Level
 Slow                     Hex            16%        N/A       17%         1
 Foxfire                  Conj/Fire      8%         2x1d4     24%         1
 Cigotuvi's Dreadful Rot  Necr/Pois/Air  4%         N/A       34%         2
 Static Discharge         Conj/Air       4%         2-3/arc   34%         2
 Confusing Touch          Hex            4%         N/A       45%         3
 Portal Projectile        Hex/Tloc       6%         N/A       52%         3
 Summon Guardian Golem    Hex/Summ       3%         N/A       52%         3
 Call Canine Familiar     Summ           2%         N/A       56%         3
 Ignite Poison            Fire/Tmut/Pois 2%         N/A       56%         3
 Ozocubu's Armour         Ice            2%         N/A       56%         3
 Vampiric Draining        Necr           2%         2d6       56%         3
 Cause Fear               Hex            2%         N/A       86%         4
 Leda's Liquefaction      Hex/Erth       1%         N/A       89%         4
 Airstrike                Air            1%         2d(1-17)  93%         4
 Summon Lightning Spire   Summ/Air       2%         N/A       93%         4
 Metabolic Englaciation   Hex/Ice        1%         N/A       99%         5
 Fireball                 Conj/Fire      1%         3d3       100%        5
 Freezing Cloud           Conj/Ice/Air   1%         6-21      100%        5
 Plasma Beam              Fire/Air       1%         2x1d12    100%        6
 Simulacrum               Ice/Necr       1%         N/A       100%        6
 Starburst                Conj/Fire      1%         6d3       100%        6
 Dragon Form              Tmut           1%         N/A       100%        7
 Orb of Destruction       Conj           1%         9d5       100%        7
 Spellforged Servitor     Conj/Summ      1%         N/A       100%        7
 Borgnjor's Revivificati  Necr           1%         N/A       100%        8
 Necromutation            Tmut/Necr      1%         N/A       100%        8
 Death's Door             Necr           1%         N/A       100%        9
 Dragon's Call            Summ           1%         N/A       100%        9


Dungeon Overview and Level Annotations

Branches:
Dungeon (6/15)             Temple (0/1) D:5           Sewer (visited)
Ossuary (visited)

Altars:
Ashenzari
Elyvilon
Nemelex Xobeh


Innate Abilities, Weirdness & Mutations

You are small and have problems with some larger weapons.
You are completely attuned to the shadows.


Message History

The orc wizard casts a spell at you. The magic dart hits you.
You hit the orc wizard.
You kill the orc wizard!
Your +2 spectral club disappears.
Aiming: Charm
Press: ? - help, Shift-Dir - straight line, f - troll
Aim: a troll (chance to affect: 49%)
The troll resists with some effort.
The now-empty wand crumbles to dust.
The troll barely misses you. The troll claws you! The troll misses you.
Aiming: Mindburst
Press: ? - help, Shift-Dir - straight line, f/p - troll
Aim: a troll (chance to affect: 64%)
The troll's mind is blasted!
You hear a shout!
The troll bites you! The troll misses you. The troll closely misses you.
You hear a shout! x2
You hit the troll.
The troll is moderately wounded.
Your +2 spectral club hits the troll.
The troll barely misses you. The troll closely misses you. The troll claws you.
The troll closely misses you. The troll completely misses you.
The troll claws you!
You hit the troll.
The troll is heavily wounded.
Your +2 spectral club hits the troll.
The troll bites you!
* * * LOW HITPOINT WARNING * * *
The troll claws you.
* * * LOW HITPOINT WARNING * * *
The troll claws you but does no damage.
You feel much better.
Your +2 spectral club disappears.
The troll bites you!! The troll completely misses you. The troll misses you.
A red film seems to cover your vision as you go berserk!
You feel yourself moving faster!
You feel mighty! The troll bites you!
* * * LOW HITPOINT WARNING * * *
The troll claws you!
* * * LOW HITPOINT WARNING * * *
The troll claws you.
You die...

#####.#### +....o..'
#......####
#.....8.###.>.##.#...
....................
#'o'##.....#....... #o#
#..#..#.#.....
#.###.............
#T#.##.......#.###
#@..##.#..##.#.#
###............# ##
.....#.##......## #.
..##.#.# ##....##
###.#####. #.#.#####>....#
#.......#.##.#............
##.#..<........#####.......
....†##.#.#.....# #.......
# #.#.......#.....#
##.....#


You could see a troll and 2 orcs.

Vanquished Creatures
  Sigmund (D:4)
  Pargi (Sewer)
  3 ogres (D:5)
  A centaur (D:5)
  2 phantoms
  4 scorpions (D:4)
  3 hounds
  4 human zombies (Ossuary)
  Jessica (D:3)
  4 iguanas (D:5)
  Natasha (thrice) (D:2)
  An orc wizard (D:6)
  3 mummies (Ossuary)
  6 adders
  2 river rats (D:4)
  2 ufetubi (D:5)
  A worm zombie (D:5)
  2 dart slugs
  7 orcs
  5 ball pythons
  6 endoplasms
  9 giant cockroaches
  3 goblins
  5 hobgoblins
  4 kobolds
  6 quokkas
  13 bats
  3 frilled lizards
  A hobgoblin zombie (Ossuary)
  3 kobold zombies
  An orc zombie (Ossuary)
  7 rats
117 creatures vanquished.

Vanquished Creatures (others)
  An orc priest (D:6)
  A spectral weapon (Ossuary)
2 creatures vanquished.

Grand Total: 119 creatures vanquished

Notes
Turn   | Place    | Note
-------+----------+-------------------------------------------
     0 | D:1      | Graphine the Kobold Brigand began the quest for the Orb.
     0 | D:1      | Reached XP level 1. HP: 12/12 MP: 1/1
   349 | D:1      | Reached XP level 2. HP: 17/17 MP: 2/2
  1012 | D:2      | Noticed Natasha
  1026 | D:2      | Killed Natasha
  1027 | D:2      | Reached XP level 3. HP: 7/22 MP: 2/4
  1098 | D:2      | Found a faded altar of an unknown god.
  1105 | D:2      | Reached XP level 4. HP: 27/27 MP: 5/5
  1172 | D:2      | Noticed Natasha
  1191 | D:2      | HP: 1/27 [Natasha/magic dart (3)]
  1194 | D:2      | Killed Natasha
  1195 | D:2      | Reached skill level 1 in Spellcasting
  1346 | D:2      | Reached XP level 5. HP: 32/32 MP: 6/6
  1460 | D:2      | Noticed Natasha
  1469 | D:2      | Killed Natasha
  1470 | D:2      | Reached skill level 1 in Armour
  1719 | D:3      | Noticed Jessica
  1722 | D:3      | Killed Jessica
  2116 | D:3      | Found a white marble altar of Elyvilon.
  2580 | D:4      | Reached XP level 6. HP: 37/37 MP: 8/8
  2621 | D:4      | Found a glowing drain.
  2625 | Sewer    | Entered a sewer
  2666 | Sewer    | Noticed Pargi
  2681 | Sewer    | Killed Pargi
  2682 | Sewer    | Reached skill level 6 in Stealth
  2855 | D:4      | Found a large runed translucent door.
  2855 | D:4      | Found a large runed translucent door.
  2884 | D:4      | Reached XP level 7. HP: 41/41 MP: 10/10
  3005 | D:4      | Noticed Sigmund
  3008 | D:4      | Killed Sigmund
  3153 | D:4      | Reached skill level 5 in Throwing
  3164 | D:4      | Reached XP level 8. HP: 40/48 MP: 11/11
  3432 | D:4      | Found a broken altar of Ashenzari.
  3443 | D:4      | Found a sparkling altar of Nemelex Xobeh.
  3458 | D:4      | Became a worshipper of Ashenzari the Shackled
  3479 | D:5      | Entered Level 5 of the Dungeon
  3514 | D:5      | Found a staircase to the Ecumenical Temple.
  3557 | D:5      | Reached skill level 7 in Stealth
  3572 | D:5      | Found a sand-covered staircase.
  3586 | D:5      | Reached skill level 5 in Short Blades
  3626 | Ossuary  | Entered an ossuary
  4153 | D:5      | Reached XP level 9. HP: 52/52 MP: 12/14
  4669 | D:5      | Identified a scroll of acquirement
  4671 | D:5      | Acquired a manual of Hexes
  4891 | D:6      | Noticed a troll
  4916 | D:6      | Slain by a troll

Illustrated notes

Levels and vault maps discovered:
D:1:      ebering_trefoil_twist, layout_basic, grunt_decor_junction,
          minmay_gold_behind_fungi
D:2:      layout_rooms, shapermc_ecumenical_altar_totnotflames, chequers_garden,
          minmay_liquid_box, minmay_quantized, uniq_natasha
D:3:      layout_basic, nicolae_overflow_crystal_walls, uniq_jessica
D:4:      layout_loops_cross, jmf_multi_god_temple2, gup_sewer_entry_spiral,
          uniq_sigmund
D:5:      layout_basic, minmay_temple_entry_offerings, serial_glass,
          glass_columns_a, glass_columns_a, enter_ossuary_3,
          lightli_corner_chamber
D:6:      layout_loops_cross, hellmonk_guarded_unrand_lears

Skill      XL: |  1  2  3  4  5  6  7  8  9 |
---------------+----------------------------+-----
Short Blades   | 3 4 5 |  5.0
Throwing       | 3 4 5 6 |  6.6
Dodging        | 2 3 4 |  4.6
Spellcasting   | 1 2 3 |  3.6
Armour         | 1 2 3 |  3.0
Fighting       | 3 4 |  4.9
Stealth        | 6 7 |  7.6
Hexes          | |  0.8

Action                     |  1- 3 |  4- 6 |  7- 9 || total
---------------------------+-------+-------+-------++-------
  Melee: Dagger            |    61 |    87 |    34 ||   182
         Punch             |     1 |     1 |     7 ||     9
         Club              |       |    33 |   233 ||   266
  Throw: Dart              |    15 |    47 |     2 ||    64
         Stone             |    15 |       |     6 ||    21
         Throwing net      |       |     1 |       ||     1
  Evoke: Wand              |       |       |     4 ||     4
    Use: Scroll            |     3 |     6 |     8 ||    17
         Potion            |       |       |     4 ||     4
   Stab: Sleeping          |     1 |    15 |    22 ||    38
         Distracted        |       |       |    11 ||    11
 Armour: Robe              |    17 |    24 |    31 ||    72
  Dodge: Dodged            |    47 |    94 |   212 ||   353
